[Event "Titled Tuesday Blitz January 17 Early 2023"]
[White "Martin Duque, Jesus"]
[Black "Maksimovic, Bojan"]
[WhiteFideId "2208954"]
[BlackFideId "14408120"]
[WhiteElo "2386"]
[BlackElo "2486"]
[Result "1-0"]
[Round "05"]
[TimeControl "180+2"]
[Date "2023.01.17"]
[WhiteClock "0:01:12"]
[BlackClock "0:00:01"]

1. Nf3 Nf6 2. b3 g6 3. Bb2 Bg7 4. g3 d6 5. d4 c5 6. Bg2 Qa5+ 7. Qd2 Qxd2+ 8. Nbxd2 Na6 9. O-O-O O-O 10. a3 Rb8 11. e4 cxd4 12. Nxd4 Bd7 13. Nc4 Rfc8 14. Kb1 b5 15. Ne3 Nc5 16. Nd5 Kf8 17. Rhe1 Ng4 18. f3 Ne5 19. h3 a5 20. f4 Nc6 21. Nxc6 Bxb2 22. Kxb2 Bxc6 23. h4 a4 24. Nb4 Ba8 25. Nd3 axb3 26. cxb3 Ne6 27. Nb4 Rc5 28. Rd2 Rbc8 29. Nd5 Bxd5 30. exd5 Nd4 31. Be4 Nf5 32. Bxf5 gxf5 33. Ree2 Rc1 34. Rc2 R8xc2+ 35. Rxc2 Rd1 36. Rc8+ Kg7 37. a4 bxa4 38. bxa4 Rxd5 39. Kb3 Rd3+ 40. Rc3 Rd5 41. Kb4 e5 42. a5 e4 43. a6 Rd4+ 44. Kb5 Rd1 45. Rc4 Rb1+ 46. Rb4 Rc1 47. a7 Rc8 48. Kb6 Ra8 49. Kb7 Rxa7+ 50. Kxa7 Kg6 51. Kb6 Kh5 52. Kc6 Kg4 53. Rb3 Kh3 54. Kxd6 Kg2 55. Ke5 Kf2 56. Kxf5 e3 57. g4 e2 58. Rb1 e1=Q 59. Rxe1 Kxe1 60. Kf6 h5 61. gxh5 Kf2 62. h6 Kg3 63. h7 Kg4 64. h8=Q Kf3 65. Qh5+ Ke4 66. Qg5 Kf3 67. h5 Ke4 68. h6 Kf3 69. h7 Ke4 70. h8=Q Kd4 71. Qe5+ Kd3 72. Qd8+ Kc4 73. Qec7+ Kb3 74. Qdb8+ Ka2 75. Qca7# 1-0


[Site "https://www.chess.com"]

[Event "Titled Tuesday Blitz January 17 Early 2023"]
[White "sabkeIXO"]
[Black "Pakleza, Zbigniew"]
[BlackFideId "1119290"]
[WhiteElo "2481"]
[BlackElo "2494"]
[Result "0-1"]
[Round "05"]
[TimeControl "180+2"]
[Date "2023.01.17"]
[WhiteClock "0:00:10"]
[BlackClock "0:00:24"]

1. e4 d6 2. d4 Nf6 3. Nc3 c6 4. Nf3 Bg4 5. Be3 e6 6. h3 Bh5 7. Bd3 d5 8. e5 Nfd7 9. Ne2 c5 10. c3 Qb6 11. Rb1 Nc6 12. Nf4 Bxf3 13. gxf3 cxd4 14. cxd4 Nxd4 15. O-O Nxe5 16. Bxd4 Qxd4 17. Bb5+ Kd8 18. Qxd4 Nxf3+ 19. Kg2 Nxd4 20. Ba4 Bd6 21. Nd3 Ke7 22. Rbd1 b5 23. Nc1 e5 24. Rfe1 Kd7 25. Bb3 Nxb3 26. axb3 d4 27. Nd3 f6 28. Ra1 a5 29. Rec1 Rhc8 30. Rxc8 Kxc8 31. Kf3 Kd7 32. Ke4 Ke6 33. f4 f5+ 34. Kf3 e4+ 35. Ke2 exd3+ 36. Kxd3 Kd5 0-1


[Site "https://www.chess.com"]

[Event "Titled Tuesday Blitz January 17 Early 2023"]
[White "marik_spb"]
[Black "Lortkipanidze, Nodar"]
[BlackFideId "13604058"]
[WhiteElo "2466"]
[BlackElo "2406"]
[Result "0-1"]
[Round "05"]
[TimeControl "180+2"]
[Date "2023.01.17"]
[WhiteClock "0:00:03"]
[BlackClock "0:00:37"]

1. d4 e6 2. c4 b6 3. Nf3 Bb7 4. g3 f5 5. Bg2 Nf6 6. O-O a5 7. Nc3 Bb4 8. Bg5 Bxc3 9. bxc3 O-O 10. Nd2 Bxg2 11. Kxg2 Qe8 12. f3 e5 13. e4 Qg6 14. dxe5 Qxg5 15. f4 Qg6 16. exf6 Qxf6 17. e5 Qf7 18. Qf3 Na6 19. Rad1 a4 20. Qd5 Nc5 21. Nf3 a3 22. Ng5 Qxd5+ 23. cxd5 Ra4 24. Rd4 Rfa8 25. Rb1 h6 26. Nf3 Ne4 27. Rb3 R4a5 28. d6 cxd6 29. exd6 Rc5 30. Ne5 Ra7 31. c4 g5 32. Rxb6 Kg7 33. Rb5 Rc8 34. g4 gxf4 35. gxf5 Nc3 36. Rb3 Nxa2 37. Rxf4 Kf6 38. Ng4+ Kg5 39. Rbf3 h5 40. Ne5 Kf6 41. Ng6 Nb4 42. Ne7 Rh8 43. c5 a2 44. Rf1 Nd3 45. Nd5+ Ke5 46. R4f3 Rg8+ 47. Kh3 Ra3 48. Nb4 Nf2+ 49. Rxf2 Rxf3+ 50. Rxf3 a1=Q 51. f6 Qg1 52. Nd3+ Ke4 53. Re3+ Qxe3+ 0-1


[Site "https://www.chess.com"]

[Event "Titled Tuesday Blitz January 17 Early 2023"]
[White "Schekachikhin, Maksim"]
[Black "Gurevich, Dmitry"]
[WhiteFideId "24177830"]
[BlackFideId "2000407"]
[WhiteElo "2371"]
[BlackElo "2393"]
[Result "0-1"]
[Round "05"]
[TimeControl "180+2"]
[Date "2023.01.17"]
[WhiteClock "0:01:41"]
[BlackClock "0:01:14"]

1. Nf3 Nf6 2. c4 c5 3. Nc3 b6 4. d4 cxd4 5. Nxd4 Bb7 6. f3 d6 7. e4 e6 8. Be3 Be7 9. Be2 O-O 10. O-O a6 11. Qd2 Nbd7 12. a4 Rb8 13. a5 bxa5 14. Nb3 Bxe4 15. Nxa5 Ba8 16. Rfd1 Qc7 17. Bf1 Rfc8 18. Qf2 Nc5 19. Rdb1 d5 20. b4 Ncd7 21. c5 e5 22. Bg5 d4 23. Na4 Ne4 24. fxe4 Bxg5 25. Bxa6 Be3 0-1


[Site "https://www.chess.com"]

[Event "Titled Tuesday Blitz January 17 Early 2023"]
[White "Horcajuelo Rocamora, Martin"]
[Black "Terry, Renato"]
[WhiteFideId "24573027"]
[BlackFideId "3803457"]
[WhiteElo "2107"]
[BlackElo "2520"]
[Result "0-1"]
[Round "05"]
[TimeControl "180+2"]
[Date "2023.01.17"]
[WhiteClock "0:00:12"]
[BlackClock "0:00:08"]

1. e4 g6 2. d4 Bg7 3. c4 d6 4. Nc3 Nd7 5. Be2 e5 6. d5 Ne7 7. h4 f5 8. h5 f4 9. hxg6 hxg6 10. Rxh8+ Bxh8 11. Bg4 Nf6 12. Bxc8 Qxc8 13. f3 g5 14. Bd2 g4 15. Qe2 Bg7 16. O-O-O a6 17. Kb1 Qd7 18. Be1 Kf7 19. Bh4 g3 20. Nh3 Rh8 21. Bxf6 Bxf6 22. Rh1 Kg7 23. Qc2 Ng6 24. Nd1 Nh4 25. Ng1 Nxf3 26. Rxh8 Nd4 27. Qd3 Kxh8 28. Nf3 Qg4 29. Nxd4 exd4 30. Kc2 Be5 31. Kd2 f3 32. gxf3 Qg5+ 33. f4 Bxf4+ 34. Ke2 g2 35. Qh3+ Kg7 36. Qd7+ Kh6 37. Qh3+ Kg6 38. Qe6+ Qf6 39. Qg8+ Qg7 40. Qxg7+ Kxg7 41. Kf2 Kf6 42. Kxg2 Ke5 43. Kf3 d3 44. Nf2 d2 45. Nd1 Bh6 46. b3 Kd4 47. Ke2 Kxe4 48. Nc3+ Kd4 49. Nd1 Bg5 50. Nb2 Kc3 51. Nd1+ Kc2 52. b4 b5 53. c5 Bf4 54. c6 Bg5 55. Nf2 Bh6 56. Nd1 Bf4 57. Nf2 Kc3 58. a3 Kc2 59. Nd1 Kb3 60. Kf3 Bh6 61. Ke2 Kxa3 62. Kd3 Kxb4 63. Kc2 Kc5 64. Nc3 b4 65. Na4+ Kxd5 0-1


[Site "https://www.chess.com"]

[Event "Titled Tuesday Blitz January 17 Early 2023"]
[White "Williams, Simon K"]
[Black "Esipenko, Andrey"]
[WhiteFideId "404454"]
[BlackFideId "24175439"]
[WhiteElo "2465"]
[BlackElo "2679"]
[Result "0-1"]
[Round "05"]
[TimeControl "180+2"]
[Date "2023.01.17"]
[WhiteClock "0:00:17"]
[BlackClock "0:00:19"]

1. d4 d5 2. c4 dxc4 3. Nf3 Nf6 4. e3 e6 5. Bxc4 a6 6. O-O c5 7. Qe2 b5 8. Bd3 cxd4 9. e4 Nc6 10. e5 Nd5 11. Qe4 Bb7 12. a3 Be7 13. Nbd2 Qd7 14. Nb3 f5 15. exf6 Nxf6 16. Qh4 Qd5 17. Bg6+ Kf8 18. Bc2 d3 19. Bd1 Ne4 20. Qh3 Bf6 21. Be3 Bxb2 22. Rb1 Bxa3 23. Nh4 Ne5 24. Bg4 Nxg4 25. Qxg4 Nf6 26. Qh3 Kf7 27. Nd4 Rhe8 28. Ndf3 Kg8 29. Rfd1 Rad8 30. Rb3 Qxb3 0-1


[Site "https://www.chess.com"]

[Event "Titled Tuesday Blitz January 17 Early 2023"]
[White "Kodinets, Konstantin L."]
[Black "Xu, Yi"]
[WhiteFideId "4122011"]
[BlackFideId "8605564"]
[WhiteElo "2409"]
[BlackElo "2527"]
[Result "0-1"]
[Round "05"]
[TimeControl "180+2"]
[Date "2023.01.17"]
[WhiteClock "0:00:01"]
[BlackClock "0:00:09"]

1. d4 Nf6 2. Nf3 d5 3. Bf4 c5 4. e3 Nc6 5. c3 Qb6 6. Qc2 g6 7. Nbd2 Bf5 8. dxc5 Qxc5 9. Qb3 Qb6 10. Be2 Bg7 11. O-O O-O 12. Ne5 Rac8 13. h3 Rfd8 14. Bh2 Qxb3 15. axb3 a6 16. Nxc6 Rxc6 17. b4 Ne4 18. Nxe4 Bxe4 19. Rfd1 Rcc8 20. f3 Bf5 21. g4 Be6 22. Kf2 f6 23. Rd2 Bf7 24. Rad1 Re8 25. f4 e5 26. Bf3 e4 27. Be2 Be6 28. h4 f5 29. Kg3 Rc7 30. Bg1 Bf6 31. Bf2 Kf8 32. Rh1 Ke7 33. Bd1 Rd7 34. g5 Bg7 35. Bb3 Red8 36. Rhd1 Rd6 37. Bc2 h6 38. Rh1 Rc8 39. Be1 Rdc6 40. Bd1 h5 0-1


[Site "https://www.chess.com"]

[Event "Titled Tuesday Blitz January 17 Early 2023"]
[White "Demchenko, Anton"]
[Black "Tarlabasi, Emirhan"]
[WhiteFideId "4160258"]
[BlackFideId "6350275"]
[WhiteElo "2623"]
[BlackElo "2300"]
[Result "1-0"]
[Round "05"]
[TimeControl "180+2"]
[Date "2023.01.17"]
[WhiteClock "0:00:16"]
[BlackClock "0:00:18"]

1. e4 e6 2. d4 d5 3. Nd2 c5 4. exd5 Qxd5 5. Ngf3 cxd4 6. Bc4 Qd6 7. O-O Nf6 8. Nb3 Be7 9. Nbxd4 O-O 10. Qe2 Nc6 11. Nxc6 Qxc6 12. Ne5 Qb6 13. a4 Nd7 14. Nf3 Qc7 15. a5 Bf6 16. Re1 a6 17. Ra3 Re8 18. h4 h6 19. b4 Nf8 20. Be3 e5 21. Bb6 Qc6 22. Re3 Bg4 23. Re4 Bf5 24. Re3 Ng6 25. Nd4 Qd7 26. Nxf5 Qxf5 27. g3 Rac8 28. Bd3 Qh3 29. Be4 Nf8 30. Bxb7 Rb8 31. Bg2 Qf5 32. Qxa6 Qxc2 33. Qd3 Qb2 34. Qb3 Qd2 35. Rd1 1-0


[Site "https://www.chess.com"]

[Event "Titled Tuesday Blitz January 17 Early 2023"]
[White "Remizov, Yaroslav"]
[Black "Maksimenko, Viktor"]
[WhiteFideId "34134015"]
[BlackFideId "13710478"]
[WhiteElo "2421"]
[BlackElo "2196"]
[Result "1/2-1/2"]
[Round "05"]
[TimeControl "180+2"]
[Date "2023.01.17"]
[WhiteClock "0:00:06"]
[BlackClock "0:00:08"]

1. e4 e5 2. Nf3 Nc6 3. Nc3 Nf6 4. Be2 d5 5. exd5 Nxd5 6. O-O Nxc3 7. bxc3 e4 8. Ne1 f5 9. d4 Bd6 10. Bc4 Na5 11. Bb5+ Bd7 12. Qh5+ g6 13. Bxd7+ Qxd7 14. Qh6 O-O-O 15. f3 Nc4 16. fxe4 fxe4 17. Rb1 Rdf8 18. Bf4 b6 19. g3 Bxf4 20. Rxf4 Rxf4 21. Qxf4 Qe7 22. Ng2 Rf8 23. Qg4+ Kb8 24. Qe2 Qe6 25. Nf4 Rxf4 26. gxf4 a5 27. Rd1 Qd5 28. Re1 e3 29. a4 Qe6 30. Qf3 Qf5 31. Re2 Qd7 32. Kg2 Qxa4 33. Qd5 Qa2 34. Kg3 Qa4 35. Qg8+ Kb7 36. Qd5+ Qc6 37. Qxc6+ Kxc6 38. Kf3 a4 39. Ke4 a3 40. Re1 Kb5 41. Kd3 Nb2+ 42. Kxe3 Kc4 43. Kd2 Na4 44. Kc1 Nxc3 45. Re7 Nd5 46. Rxh7 Kxd4 47. h4 c5 48. h5 gxh5 49. f5 Nf6 50. Rb7 h4 51. Rxb6 Ke5 52. Rb3 Kxf5 53. Rxa3 Kg4 54. Kd2 h3 55. Ke3 h2 56. Ra1 Kg3 57. Kd3 Nd5 58. Kc4 Ne3+ 59. Kd3 Ng4 60. Kc4 Kg2 61. Kxc5 Ne3 62. c4 Nf1 63. Ra2+ Kg1 64. Rxh2 Kxh2 65. Kd4 Nd2 66. c5 Nb3+ 67. Kc4 Nxc5 1/2-1/2


[Site "https://www.chess.com"]

[Event "Titled Tuesday Blitz January 17 Early 2023"]
[White "Korchmar, Vasiliy"]
[Black "Grandelius, Nils"]
[WhiteFideId "24131750"]
[BlackFideId "1710400"]
[WhiteElo "2438"]
[BlackElo "2664"]
[Result "0-1"]
[Round "05"]
[TimeControl "180+2"]
[Date "2023.01.17"]
[WhiteClock "0:00:01"]
[BlackClock "0:00:08"]

1. e4 c5 2. Nf3 e6 3. g3 Nc6 4. Bg2 Nf6 5. Qe2 e5 6. Nc3 d6 7. d3 Be7 8. Bg5 Be6 9. O-O O-O 10. Bxf6 Bxf6 11. Nd2 g6 12. Nc4 Bg7 13. Ne3 f5 14. exf5 gxf5 15. Bd5 Qd7 16. Qh5 f4 17. Bxe6+ Qxe6 18. Ned5 Rf7 19. gxf4 exf4 20. Rae1 Ne5 21. Kh1 Raf8 22. Rg1 Kh8 23. Rg5 b5 24. Reg1 Bh6 25. R5g2 Rg7 26. Rxg7 Bxg7 27. Qg5 Qf7 28. Qe7 b4 29. Qxf7 Nxf7 30. Ne4 Bxb2 31. Nxf4 Rg8 32. Re1 Be5 33. Nd5 Rg4 34. Ng3 Kg7 35. f4 Bd4 36. Re7 a5 37. Kg2 Rg6 38. Kf3 Kf8 39. Ra7 Re6 40. Nf5 Re8 41. Rxa5 Nh8 42. Ra7 Ng6 43. Nxd6 Re1 44. Nf5 Rf1+ 45. Kg2 Rf2+ 46. Kg3 Rxc2 47. Nxd4 cxd4 48. Nxb4 Rd2 49. f5 Ne7 50. Kf4 Rf2+ 51. Ke4 Nxf5 52. Ra8+ Kf7 53. Ra7+ Kg6 54. Nd5 Re2+ 55. Kf3 Rxh2 56. Nf4+ Kg5 57. Ne6+ Kf6 58. Nc5 Rh3+ 59. Kg2 Re3 0-1


[Site "https://www.chess.com"]

[Event "Titled Tuesday Blitz January 17 Early 2023"]
[White "Movahed, Sina"]
[Black "Djokovic, Nebojsa"]
[WhiteFideId "42520835"]
[BlackFideId "938300"]
[WhiteElo "2340"]
[BlackElo "2119"]
[Result "1-0"]
[Round "05"]
[TimeControl "180+2"]
[Date "2023.01.17"]
[WhiteClock "0:00:42"]
[BlackClock "0:00:02"]

1. e4 e6 2. d4 d5 3. e5 c5 4. c3 Nc6 5. Nf3 Nge7 6. Bd3 cxd4 7. cxd4 Nf5 8. Bc2 Qb6 9. Ba4 Bd7 10. O-O Rc8 11. Nc3 h5 12. Ne2 h4 13. h3 Be7 14. a3 a6 15. b4 Na7 16. Bc2 Nb5 17. Bb2 O-O 18. Nf4 Nc7 19. Re1 a5 20. Rb1 axb4 21. axb4 Qxb4 22. Ba1 Qa5 23. Rxb7 Rb8 24. Rxc7 Qxc7 25. Bxf5 exf5 26. Nxd5 Qd8 27. Nxe7+ Qxe7 28. d5 Rfe8 29. Qd4 Qb4 30. Qa7 Rb7 31. Qe3 f4 32. Qd3 Qb3 33. Qd2 Rb5 34. d6 Qc4 35. Rc1 Qa4 36. Bd4 Rd5 37. Qxf4 Bc6 38. Qxh4 Ra8 39. Qg4 Bd7 40. e6 1-0


[Site "https://www.chess.com"]

[Event "Titled Tuesday Blitz January 17 Early 2023"]
[White "Iskusnyh, Sergei"]
[Black "Zhigalko, Sergei"]
[WhiteFideId "4120027"]
[BlackFideId "13502956"]
[WhiteElo "2440"]
[BlackElo "2572"]
[Result "0-1"]
[Round "05"]
[TimeControl "180+2"]
[Date "2023.01.17"]
[WhiteClock "0:00:02"]
[BlackClock "0:00:02"]

1. d4 Nf6 2. Nf3 e6 3. g3 b5 4. Bg2 Bb7 5. O-O c5 6. c3 Be7 7. Bg5 cxd4 8. cxd4 O-O 9. Nbd2 d6 10. Qb3 Qb6 11. a4 bxa4 12. Rxa4 Nc6 13. Rfa1 Rab8 14. Qxb6 axb6 15. e3 b5 16. R4a3 Nb4 17. Rb3 d5 18. Ne5 Rfc8 19. Bf1 Rc2 20. Ndf3 Bc8 21. Bxf6 gxf6 22. Nd3 Rc4 23. Nc5 Nc2 24. Ra7 Bxc5 25. dxc5 Rxc5 26. Bd3 b4 27. Bxc2 Rxc2 28. Nd4 Rc4 29. h4 e5 30. Nf3 Bf5 31. h5 Bc2 32. Nd2 Bxb3 33. Nxb3 Rc2 34. Na5 h6 35. Nc6 Rxc6 0-1


[Site "https://www.chess.com"]

[Event "Titled Tuesday Blitz January 17 Early 2023"]
[White "Bodnaruk, Anastasia"]
[Black "Baskakov, Egor"]
[WhiteFideId "4181751"]
[BlackFideId "24197866"]
[WhiteElo "2350"]
[BlackElo "2215"]
[Result "1/2-1/2"]
[Round "05"]
[TimeControl "180+2"]
[Date "2023.01.17"]
[WhiteClock "0:00:07"]
[BlackClock "0:00:05"]

1. e4 c5 2. Nc3 Nc6 3. Bb5 g6 4. Bxc6 dxc6 5. d3 e5 6. f4 exf4 7. Bxf4 Bg7 8. Qd2 h6 9. Nf3 Ne7 10. h4 Be6 11. O-O-O Qa5 12. e5 Nd5 13. Nxd5 Qxd2+ 14. Rxd2 Bxd5 15. Re2 O-O-O 16. Nd2 g5 17. Bg3 Rde8 18. c4 gxh4 19. Rxh4 Be6 20. Ne4 Bf8 21. Bf4 h5 22. Kc2 Be7 23. Bg5 Bg4 24. Rf2 Rhg8 25. Bf6 b6 26. Rh1 Bf8 27. Kc3 Rg6 28. Ng3 Be7 29. Nxh5 Rh6 30. Ng3 Rxh1 31. Nxh1 Bxf6 32. exf6 Re1 33. Ng3 Be6 34. Ne4 Kd7 35. Rf4 Rg1 36. g3 Bh3 37. Nf2 Be6 38. g4 Kd6 39. Rf3 Bxg4 40. Nxg4 Rxg4 41. Re3 Rg6 42. Re7 Rxf6 43. Rxa7 b5 44. cxb5 cxb5 45. Ra6+ Ke5 46. Rxf6 Kxf6 47. b3 Ke5 48. a4 bxa4 49. bxa4 Kd5 50. a5 Kc6 51. Kc4 f5 52. d4 cxd4 53. Kxd4 Kb5 54. Ke5 Kxa5 55. Kxf5 1/2-1/2


[Site "https://www.chess.com"]

[Event "Titled Tuesday Blitz January 17 Early 2023"]
[White "Ozen, Bahadir"]
[Black "Odegov, Artem"]
[WhiteFideId "6337058"]
[BlackFideId "34183644"]
[WhiteElo "2369"]
[BlackElo "2261"]
[Result "1-0"]
[Round "05"]
[TimeControl "180+2"]
[Date "2023.01.17"]
[WhiteClock "0:00:28"]
[BlackClock "0:00:13"]

1. g3 d5 2. Nf3 c6 3. Bg2 Bf5 4. d3 Nf6 5. O-O e6 6. Nh4 Bg4 7. h3 Bh5 8. Qe1 Be7 9. f4 Nbd7 10. e4 dxe4 11. dxe4 O-O 12. Be3 Nc5 13. Nd2 Bg6 14. Bf2 h6 15. Nxg6 fxg6 16. Qe2 Qc7 17. Nc4 Rae8 18. Ne5 Kh7 19. Rad1 b6 20. Qc4 Bd6 21. Nxg6 Kxg6 22. e5 Bxe5 23. fxe5 Qxe5 24. b4 Nce4 25. Rde1 Qd5 26. Bxe4+ Nxe4 27. Qxe4+ Qxe4 28. Rxe4 Rf3 29. Rfe1 Ref8 30. Rxe6+ Kh7 31. R1e2 c5 32. bxc5 bxc5 33. Bxc5 R8f7 34. Kg2 Rf1 35. Re7 Rxe7 36. Rxe7 Rc1 37. Re2 h5 38. h4 g5 39. hxg5 Kg6 40. a3 h4 41. gxh4 a5 42. Bd4 a4 43. Bc5 Ra1 44. Bb4 Rd1 45. Re6+ Kh5 46. Rh6+ Kg4 47. Kf2 Rc1 48. Rc6 Rb1 49. g6 Kh5 50. g7 Rh1 51. Rc5+ Kh6 52. g8=N+ Kh7 53. Nf6+ Kg6 54. Ne4 Rxh4 55. Ke3 Rh3+ 56. Kd4 Kh6 57. Ra5 Rh2 58. c4 Rc2 59. Rxa4 Rc1 60. Bd2+ Kh5 61. Bxc1 Kg4 62. Rb4 Kh3 63. a4 Kg2 64. a5 Kh1 65. a6 Kg2 66. a7 Kh1 67. c5 Kg2 68. c6 Kf1 69. c7 Ke2 70. Bb2 Kd1 71. Ba3 Ke2 72. a8=Q Kd1 73. c8=Q Ke2 74. Qg4+ Ke1 75. Rb1# 1-0


[Site "https://www.chess.com"]

[Event "Titled Tuesday Blitz January 17 Early 2023"]
[White "Tsaruk, Maksim"]
[Black "Mohamed Anees M"]
[WhiteFideId "13511173"]
[BlackFideId "35065815"]
[WhiteElo "2373"]
[BlackElo "2315"]
[Result "1-0"]
[Round "05"]
[TimeControl "180+2"]
[Date "2023.01.17"]
[WhiteClock "0:00:05"]
[BlackClock "0:00:55"]

1. Nf3 d5 2. g3 Nf6 3. Bg2 Bf5 4. O-O e6 5. d3 h6 6. b3 Be7 7. Bb2 O-O 8. Nbd2 Nbd7 9. Re1 Bg6 10. e4 dxe4 11. dxe4 c5 12. Qe2 Qc7 13. h3 Rfe8 14. e5 Nd5 15. Ne4 c4 16. Bd4 Rac8 17. Qd2 b5 18. a4 c3 19. Qe2 b4 20. Qa6 Nc5 21. Bxc5 Bxc5 22. Rad1 Red8 23. Nh4 Bh7 24. Nxc5 Qxc5 25. Be4 Bxe4 26. Rxe4 Nc7 27. Qe2 a5 28. Nf3 Nd5 29. Rdd4 Qe7 30. Kg2 Nc7 31. h4 Rxd4 32. Rxd4 Rd8 33. Qc4 Rxd4 34. Nxd4 Qd7 35. Kf3 Nd5 36. Qc6 Qa7 37. Ke4 Ne7 38. Qe8+ Kh7 39. Qxf7 Qb7+ 40. Kd3 Qd7 41. Qxe6 Qc7 42. Qd6 Qb7 43. e6 Ng6 44. h5 Ne7 45. Qd7 Qh1 46. Qxe7 Qd1+ 47. Kc4 Qf1+ 48. Kc5 Qxf2 49. Qd6 1-0


[Site "https://www.chess.com"]

[Event "Titled Tuesday Blitz January 17 Early 2023"]
[White "Karthik Rajaa"]
[Black "Omelja, Artem"]
[WhiteFideId "25035215"]
[BlackFideId "14119846"]
[WhiteElo "2276"]
[BlackElo "2446"]
[Result "0-1"]
[Round "05"]
[TimeControl "180+2"]
[Date "2023.01.17"]
[WhiteClock "0:00:09"]
[BlackClock "0:01:20"]

1. e4 c5 2. Nf3 Nc6 3. Bb5 g6 4. Bxc6 bxc6 5. O-O d6 6. d3 e5 7. Nbd2 Bg7 8. b3 Ne7 9. Re1 h6 10. Nc4 O-O 11. Bb2 Be6 12. Ncd2 Kh7 13. c3 f5 14. exf5 Bxf5 15. Ne4 Nd5 16. Nfd2 Nf4 17. Qc2 Qh4 18. Nf1 Nxg2 19. Kxg2 Bh3+ 20. Kh1 Qg4 21. f3 Rxf3 22. Nfg3 Raf8 23. Rg1 d5 24. Ne2 Rf1 25. Raxf1 Rxf1 26. N4g3 Qf3# 0-1


[Site "https://www.chess.com"]

[Event "Titled Tuesday Blitz January 17 Early 2023"]
[White "Sychev, Klementy"]
[Black "Le Ruyet, Leopold"]
[WhiteFideId "4114060"]
[BlackFideId "645923"]
[WhiteElo "2547"]
[BlackElo "2245"]
[Result "1-0"]
[Round "05"]
[TimeControl "180+2"]
[Date "2023.01.17"]
[WhiteClock "0:01:18"]
[BlackClock "0:00:12"]

1. e4 c5 2. Nf3 d6 3. d4 cxd4 4. Nxd4 Nf6 5. Nc3 a6 6. Bg5 e6 7. f4 Nbd7 8. Qf3 Be7 9. Bc4 h6 10. Bxf6 Bxf6 11. O-O-O O-O 12. Bb3 Qc7 13. h4 b5 14. e5 Bb7 15. Qh3 dxe5 16. Nxe6 Qc8 17. Nxf8 Nxf8 18. Qxc8 Rxc8 19. Bd5 Bxd5 20. Nxd5 exf4 21. Nxf6+ gxf6 22. Rd6 Ne6 23. Rxa6 b4 24. Rd1 Rc5 25. Rb6 Rh5 26. Rxb4 Rxh4 27. a4 Rh5 28. Rb5 Rh2 29. a5 Rxg2 30. a6 f3 31. a7 Nc7 32. Rc5 f2 33. Rxc7 Rg1 34. a8=Q+ 1-0


[Site "https://www.chess.com"]

[Event "Titled Tuesday Blitz January 17 Early 2023"]
[White "Al-Tarboush, Ward"]
[Black "Borges Feria, Yasel"]
[WhiteFideId "7601450"]
[BlackFideId "3504921"]
[WhiteElo "2256"]
[BlackElo "2439"]
[Result "0-1"]
[Round "05"]
[TimeControl "180+2"]
[Date "2023.01.17"]
[WhiteClock "0:01:15"]
[BlackClock "0:00:31"]

1. e4 c6 2. Nf3 d5 3. Nc3 Bg4 4. h3 Bxf3 5. Qxf3 e6 6. Be2 Nf6 7. O-O Nbd7 8. d4 dxe4 9. Nxe4 Nxe4 10. Qxe4 Nf6 11. Qh4 Be7 12. c3 O-O 13. Qg3 Ne4 14. Qg4 Nf6 15. Qg3 Bd6 16. Qh4 Nd5 17. Bg5 Be7 18. f4 h6 19. Bxe7 Qxe7 20. Qxe7 Nxe7 21. g4 Rad8 22. Bf3 Rfe8 23. h4 Ng6 24. Be4 Nxh4 25. Rae1 f5 26. gxf5 exf5 27. Bh1 Ng6 28. Rxe8+ Rxe8 29. d5 c5 30. d6 Rd8 31. Rd1 b6 32. d7 Nxf4 33. Bc6 Nh3+ 34. Kf1 Ng5 35. Re1 Ne4 36. Rd1 Kf7 37. Ke2 Ke7 38. Kf3 Nf6 39. Re1+ Kd6 40. Bb5 Nxd7 41. Kf4 g5+ 42. Kxf5 Rf8+ 43. Kg6 Ne5+ 44. Kxh6 g4 45. Rg1 Rf2 46. Kg7 Rxb2 47. a4 Rf2 48. Rd1+ Ke6 49. Rg1 Kf5 50. Kh6 Rh2+ 51. Kg7 Nf3 52. Rf1 Kf4 53. Bc6 Rc2 54. Rd1 Rxc3 55. Rd7 Ne5 0-1


[Site "https://www.chess.com"]

[Event "Titled Tuesday Blitz January 17 Early 2023"]
[White "Janaszak, Dawid"]
[Black "Dimitrov, Atanas"]
[WhiteFideId "1119206"]
[BlackFideId "2901315"]
[WhiteElo "2316"]
[BlackElo "2269"]
[Result "1-0"]
[Round "05"]
[TimeControl "180+2"]
[Date "2023.01.17"]
[WhiteClock "0:00:16"]
[BlackClock "0:00:09"]

1. e4 c5 2. Nc3 Nc6 3. Bb5 Nd4 4. Nf3 Nxb5 5. Nxb5 d6 6. d4 cxd4 7. Qxd4 Bd7 8. Nc3 Nf6 9. Bg5 e6 10. O-O-O Be7 11. e5 dxe5 12. Nxe5 Bc6 13. Nxc6 bxc6 14. Qxd8+ Rxd8 15. f3 Nd5 16. Bxe7 Kxe7 17. Ne4 Ne3 18. Rxd8 Rxd8 19. g3 h6 20. Re1 Nf5 21. c3 Rd5 22. Kc2 Ra5 23. a3 g5 24. Nf2 h5 25. Nd3 f6 26. Re4 e5 27. Rb4 Nd6 28. Rb8 Kf7 29. Rd8 Nc4 30. Rd7+ Kg6 31. Rc7 Ne3+ 32. Kb3 Nf1 33. Rxc6 Rd5 34. Nc5 Nd2+ 35. Kc2 Nxf3 36. Ne4 g4 37. Rxf6+ Kg7 38. Ra6 Nxh2 39. Rxa7+ Kg6 40. Ra6+ Kf5 41. Nd6+ Rxd6 42. Rxd6 Nf1 43. a4 Nxg3 44. a5 h4 45. a6 h3 46. Rh6 h2 47. Rxh2 Ne4 48. Rh7 g3 49. Rh1 1-0


[Site "https://www.chess.com"]

[Event "Titled Tuesday Blitz January 17 Early 2023"]
[White "Postny, Evgeny"]
[Black "Salman, Pavel"]
[WhiteFideId "2804344"]
[BlackFideId "24153753"]
[WhiteElo "2549"]
[BlackElo "2287"]
[Result "1-0"]
[Round "05"]
[TimeControl "180+2"]
[Date "2023.01.17"]
[WhiteClock "0:01:27"]
[BlackClock "0:01:26"]

1. e4 c5 2. Nf3 e6 3. d4 cxd4 4. Nxd4 a6 5. Bd3 Bc5 6. Nb3 Ba7 7. c4 d6 8. O-O Ne7 9. Nc3 O-O 10. Qe2 e5 11. Be3 Nbc6 12. Bxa7 Rxa7 13. Rfd1 Be6 14. Qe3 Qb8 15. Rac1 Rd8 16. Bf1 b5 17. cxb5 axb5 18. Bxb5 Bxb3 19. axb3 Nd4 20. Bc4 Nxb3 21. Bxb3 Qxb3 22. Qxa7 Ng6 23. Qa2 Qb7 24. Nd5 Ra8 25. Qc4 h5 26. Qc6 Qa7 27. g3 h4 28. Ra1 Qxa1 29. Rxa1 Rxa1+ 30. Kg2 Rb1 31. Qe8+ Kh7 32. Qxf7 Rxb2 33. Nf6+ Kh6 34. Ng4+ Kh7 35. Qf5 1-0


[Site "https://www.chess.com"]

[Event "Titled Tuesday Blitz January 17 Early 2023"]
[White "Mammadzada, Gunay"]
[Black "Rozman, Levy"]
[WhiteFideId "13403729"]
[BlackFideId "2039877"]
[WhiteElo "2449"]
[BlackElo "2322"]
[Result "1-0"]
[Round "05"]
[TimeControl "180+2"]
[Date "2023.01.17"]
[WhiteClock "0:00:09"]
[BlackClock "0:00:10"]

1. e4 e6 2. d4 d5 3. Nd2 dxe4 4. Nxe4 Nf6 5. Nxf6+ gxf6 6. g3 Nc6 7. Ne2 Qd5 8. Rg1 Qh5 9. h3 Bd7 10. Be3 O-O-O 11. Nf4 Qa5+ 12. Qd2 Bb4 13. c3 Be7 14. Bc4 Qa4 15. Bb3 Qb5 16. O-O-O Na5 17. Qc2 Nxb3+ 18. axb3 Qa5 19. Kb1 Bc6 20. g4 Rhg8 21. Qxh7 f5 22. d5 exd5 23. Qxf5+ Kb8 24. b4 Qb5 25. Qxf7 Bd6 26. Ne6 Rde8 27. Nd4 Qa4 28. Nxc6+ bxc6 29. g5 a5 30. bxa5 Qe4+ 31. Kc1 Rgf8 32. Qh5 Rxf2 33. Bxf2 Bf4+ 34. Rd2 Qd3 35. Qxe8+ 1-0


[Site "https://www.chess.com"]

[Event "Titled Tuesday Blitz January 17 Early 2023"]
[White "Aradhya, Garg"]
[Black "Bazarov, Konstantin"]
[WhiteFideId "25006746"]
[BlackFideId "4137000"]
[WhiteElo "2284"]
[BlackElo "2235"]
[Result "1-0"]
[Round "05"]
[TimeControl "180+2"]
[Date "2023.01.17"]
[WhiteClock "0:00:10"]
[BlackClock "0:00:04"]

1. d4 Nf6 2. Nf3 b6 3. g3 Bb7 4. Bg2 g6 5. c4 e6 6. O-O Bg7 7. d5 exd5 8. Ng5 c6 9. cxd5 Nxd5 10. e4 Nc7 11. Qd6 Nba6 12. Nc3 Qe7 13. Bf4 h6 14. Nf3 g5 15. Qxe7+ Kxe7 16. Be3 Ne6 17. Rad1 d6 18. h4 Bf6 19. hxg5 hxg5 20. e5 dxe5 21. Ne4 Rhg8 22. Nxf6 Kxf6 23. Rd7 Nac5 24. Rd6 g4 25. Nh2 Ke7 26. Rfd1 a5 27. Bxc6 Bxc6 28. Rxc6 Rab8 29. Rd5 Nd7 30. b4 f5 31. bxa5 bxa5 32. Rxa5 f4 33. gxf4 exf4 34. Bc1 Rb1 35. Kg2 g3 36. Nf3 gxf2+ 37. Kxf2 Rh8 38. Ra7 Rhb8 39. Ne5 Rd8 40. Ba3+ Kf6 41. Nxd7+ Kf5 42. Ra5+ Kg4 43. Nf6+ Kh3 44. Rh5# 1-0


[Site "https://www.chess.com"]